 Dungeon Crawl Stone Soup version 0.30-a0-743-gbfdf073431 (webtiles) character file.

Game seed: 13455219585558761092

70 sircluck the Shooter (level 4, -11/23 HPs)
             Began as a Spriggan Hunter on Feb 7, 2023.
             Killed by an exploding Sigmund (25 damage)
             ... ignited by their inner flame
             ... on level 2 of the Dungeon.
             The game lasted 00:02:42 (820 turns).

sircluck the Shooter (Spriggan Hunter)               Turns: 820, Time: 00:02:42

Health: -11/23     AC:  2    Str:  7    XL:     4   Next: 4%
Magic:  5/5        EV: 18    Int: 10    God:
Gold:   62         SH:  0    Dex: 20    Spells: 3/3 levels left

rFire   + . .      SeeInvis +    a - +0 shortbow
rCold   . . .      Faith    .    (shield currently unavailable)
rNeg    . . .      Spirit   .    c - +0 robe
rPois   .          Reflect  .    (helmet restricted)
rElec   .          Harm     .    (no cloak)
rCorr   .          Rampage  .    (gloves unavailable)
Will    .....                    (boots unavailable)
Stlth   ++                       (no amulet)
HPRegen 0.23/turn                f - ring of protection from fire
MPRegen 0.09/turn                (no ring)

@: very quick
A: very small, no large weapons, unfitting armour, see invisible, speed 3
a: no special abilities


You were on level 2 of the Dungeon.
You visited 1 branch of the dungeon, and saw 2 of its levels.

You collected 62 gold pieces.

Inventory:

Hand Weapons
 a - a +0 shortbow (weapon)
Missiles
 e - 20 stones
Armour
 c - a +0 robe (worn)
Jewellery
 f - a ring of protection from fire (left hand)
Scrolls
 d - a scroll of blinking {unknown}
 g - a scroll of butterflies {unknown}
 i - 2 scrolls of enchant weapon {unknown}
 k - 3 scrolls of identify {unknown}
 m - a scroll of teleportation {unknown}
Potions
 h - a potion of lignification {unknown}
 j - a potion of heal wounds {unknown}
 l - a potion of degeneration {unknown}
 n - a potion of haste {unknown}
 o - a potion of flight {unknown}
 p - a potion of berserk rage {unknown}


   Skills:
 + Level 1.7 Fighting
 + Level 5.3 Ranged Weapons
 + Level 3.1 Dodging
 + Level 2.0 Stealth


You had 3 spell levels left.
You didn't know any spells.
Your spell library contained the following spells:

 Spells                   Type           Power      Damage    Failure   Level
 Dazzling Flash           Conj/Hex       0%         N/A       75%         3
 Iskenderun's Mystic Bla  Conj/Tloc      0%         2d3       98%         4
 Starburst                Conj/Fire      0%         6d3       100%        6


Dungeon Overview and Level Annotations

Branches:
Dungeon (2/15)

Altars:

Annotations:
D:2 1 runed translucent door, Crazy Yiuf


Innate Abilities, Weirdness & Mutations

You are very small and have problems with some larger weapons.
You are too small for most types of armour.
You have supernaturally acute eyesight. (SInv)
You cover ground extremely quickly. (Speed+++)


Message History

You shoot an arrow. The arrow closely misses Sigmund.
Sigmund drinks a potion.
Sigmund is healed!
You shoot an arrow.
The arrow hits Sigmund but does no damage.
Sigmund is moderately wounded.
Sigmund gestures at you while chanting.
You easily resist.
You shoot an arrow. The arrow closely misses Sigmund.
Sigmund closely misses you.
You shoot an arrow. The arrow closely misses Sigmund.
Sigmund misses you.
You shoot an arrow. The arrow closely misses Sigmund.
You shoot an arrow.
The arrow hits Sigmund but does no damage.
Sigmund is moderately wounded.
Sigmund closely misses you.
Read: scroll of immolation
Press: ? - help, Q - select action, (/) - cycle Dir - look around, f - activate Look: Sigmund, wielding a +0 scythe and wearing a +1 robe of fire resistance (moderately wounded, susceptible)
As you read the scroll of immolation, it crumbles to dust.
The creatures around you are filled with an inner flame!
Sigmund casts a spell at you.
You easily resist.
Sigmund casts a spell at you. The magic dart hits you.
You shoot an arrow. The arrow hits Sigmund.
Flame seeps out of Sigmund.
Sigmund is heavily wounded.
Sigmund is engulfed in blazing flames.
Flame seeps out of Sigmund.
Sigmund casts a spell at you. The magic dart hits you.
* * * LOW HITPOINT WARNING * * *
You feel better.
Sigmund is engulfed in blazing flames.
Flame seeps out of Sigmund.
Sigmund barely misses you.
Fire: a) +0 shortbow
Press: ? - help, Q - select action, (/) - cycle Shift-Dir - straight line, f/p - Sigmund
Aim: Sigmund, wielding a +0 scythe and wearing a +1 robe of fire resistance (flame, almost dead, inner flame, 61% to hit)
You shoot an arrow. The arrow hits Sigmund!
Sigmund explodes!
The fiery explosion engulfs you!! You resist.
Ouch! That really hurt!
You die...

### ## #. ##.. .#.. #...
?#.# #... .#######.#.#
#... #..........# #...
#......§.§.# #...
#.......°§.# #...
.#......@§§.# ##..
............############.
.........................
##..................###..
#................).......
###........#.......#...#
####..#..........#.#.#
#......##..<....... #####
#.##...##.#....##.#


There were no monsters in sight!

Vanquished Creatures
  Sigmund (D:2)
  Terence (D:2)
  An adder (D:2)
  3 dart slugs
  3 ball pythons (D:1)
  An endoplasm (D:1)
  A giant cockroach (D:1)
  2 goblins
  2 hobgoblins
  2 jackals (D:1)
  2 quokkas
  4 bats
  2 frilled lizards (D:1)
  4 kobolds
  3 rats
32 creatures vanquished.

Notes
Turn   | Place    | Note
-------+----------+-------------------------------------------
     0 | D:1      | sircluck the Spriggan Hunter began the quest for the Orb.
     0 | D:1      | Reached XP level 1. HP: 10/10 MP: 2/2
   128 | D:1      | Reached XP level 2. HP: 14/14 MP: 3/3
   605 | D:2      | Noticed Terence
   614 | D:2      | Killed Terence
   615 | D:2      | Reached skill level 5 in Ranged Weapons
   615 | D:2      | Reached XP level 3. HP: 17/18 MP: 4/4
   634 | D:2      | Found a runed translucent door.
   635 | D:2      | Noticed Crazy Yiuf
   712 | D:2      | Reached XP level 4. HP: 23/23 MP: 5/5
   800 | D:2      | Noticed Sigmund
   820 | D:2      | Killed Sigmund
   820 | D:2      | Killed by an exploding Sigmund... ignited by their inner
                  | flame

Illustrated notes

Levels and vault maps discovered:
D:1:      spicycebolla_arrival_risky_transporter, layout_rooms
D:2:      layout_rooms, uniq_sigmund, uniq_crazy_yiuf_cottage, uniq_terence

Skill      XL: |  1  2  3 |
---------------+----------+-----
Dodging        | 3 |  3.1
Ranged Weapons | 5 |  5.3
Stealth        | 2 |  2.0
Fighting       | |  1.7

Action                     |  1- 3 |  4- 6 || total
---------------------------+-------+-------++-------
   Fire: Shortbow          |    64 |    19 ||    83
    Use: Scroll            |       |     1 ||     1
         Potion            |       |     1 ||     1
  Dodge: Dodged            |    23 |     8 ||    31

Table legend: (Time is in decaauts)
 A = Elapsed time spent in this place.
 B = Non-inter-level travel time spent in this place.
 C = Inter-level travel time spent in this place.
 D = Time resting spent in this place.
 E = Time spent auto-exploring this place.
 F = Levels seen in this place.
 G = Mean time per level.
                   A        B        C        D        E       F      G
               +--------+--------+--------+--------+--------+-----+--------+
         Total |    569 |    559 |     10 |      0 |    391 |   2 |  284.5 |
       Dungeon |    569 |    559 |     10 |      0 |    391 |   2 |  284.5 |
               +--------+--------+--------+--------+--------+-----+--------+

Top non-repeatable levels by time:
     D:1: 357 daAuts
     D:2: 211 daAuts
